[Event "*** Titled Tuesday Blitz"]
[Site "Chess.com"]
[Date "2018.11.06"]
[Round "2"]
[White "GasconJR"]
[Black "pedromartinez91"]
[Result "1-0"]
[WhiteElo "2422"]
[BlackElo "2497"]
[TimeControl "180+2"]
[EndTime "13:21:29 PST"]
[Termination "GasconJR won by resignation"]

1. e4 c5 2. Nf3 Nc6 3. d4 cxd4 4. Nxd4 g6 5. c4 Qa5+ 6. Nc3 Nf6 7. Nb3 Qd8 8. Be2 Bg7 9. O-O a5 10. c5 a4 11. Nd2 a3 12. Nc4 axb2 13. Bxb2 O-O 14. e5 Ne8 15. Nd5 Nc7 16. Ndb6 Rb8 17. f4 Na6 18. Ba3 Nc7 19. Rb1 Ne6 20. Rf2 Ned4 21. Bf1 d5 22. cxd6 Bf5 23. Bd3 Be6 24. Be4 Bxc4 25.
Nxc4 Ra8 26. dxe7 Nxe7 27. Bxe7 Qxe7 28. Qxd4 Rfd8 29. Nd6 Ra6 30. Qc4 Raxd6 31. exd6 Qxd6 32. Rff1 Bd4+ 33. Kh1 Qf6 34. Bd5 Kg7 35. Rxb7 Kh6 36. Rxf7 Qh8 37. f5 g5 38. f6 Be3 39. Be4 Rd1 40.
Rxd1 1-0

[Event "*** Titled Tuesday Blitz"]
[Site "Chess.com"]
[Date "2018.11.06"]
[Round "2"]
[White "AttackSparrow"]
[Black "BjarkeSahl"]
[Result "1-0"]
[WhiteElo "2248"]
[BlackElo "2152"]
[TimeControl "180+2"]
[EndTime "13:21:30 PST"]
[Termination "AttackSparrow won on time"]

1. e4 c5 2. Nf3 Nc6 3. c3 Nf6 4. e5 Nd5 5. d4 cxd4 6. cxd4 e6 7.
a3 d6 8. Bd3 Qc7 9. Qe2 Bd7 10.
O-O h6 11. Nc3 Nxc3 12. bxc3 dxe5 13. dxe5 Na5 14. Rb1 b6 15. Rd1 Rd8 16. c4 Nb7 17.
Bb2 Nc5 18. Bc2 Be7 19. Bc1 Bc6 20. Nd4 Bb7 21. Bf4 g5 22. Bg3 h5 23. h3 h4 24.
Bh2 Rg8 25. f3 Kf8 26. Nb5 Qb8 27. Nd6 Bc6 28. Qe3 Kg7 29. f4 g4 30. hxg4 Kf8 31.
Qe2 Ba8 32. f5 Bg5 33. fxe6 Nxe6 34. Rf1 Rg7 35. Rf5 Qc7 36. Rbf1 Rd7 37. Qf2 Qc5 38. Ba4 Be3 39. Bxd7 Bxf2+ 40. R1xf2 1-0

[Event "*** Titled Tuesday Blitz"]
[Site "Chess.com"]
[Date "2018.11.06"]
[Round "2"]
[White "matiss90"]
[Black "NateSolon"]
[Result "0-1"]
[WhiteElo "2412"]
[BlackElo "2521"]
[TimeControl "180+2"]
[EndTime "13:21:35 PST"]
[Termination "NateSolon won by resignation"]

1. e4 c5 2. Nf3 e6 3. d4 cxd4 4. Nxd4 Nc6 5. Nc3 Qc7 6. Be2 Nf6 7. O-O Be7 8. Kh1 d6 9. f4 O-O 10.
Be3 Nxd4 11. Bxd4 e5 12. Be3 b6 13. Qe1 Bb7 14. Bd3 d5 15. exd5 Nxd5 16. Nxd5 Bxd5 17. Qg3 Bd6 18. Qh4 e4 19. f5 exd3 20. f6 Rfe8 21.
Qg5 g6 22. Qxd5 dxc2 23. Bg1 Rad8 24. Qg5 Re5 25. Qh6 Bf8 26. Qf4 Bd6 27. Qh6 Bf8 28.
Qf4 Rc8 29. Rac1 Re2 30. Qf3 Qe5 31. Bd4 Qe4 32. Qh3 Rd8 33. Bc3 Rd3 34. Rf3 Rd1+ 35. Rf1 Rxf1+ 36. Rxf1 Qf4 37. Qf3 Qxf3 38. gxf3 Bh6 39.
h4 c1=Q 40. Rxc1 Bxc1 41. Kg1 Bxb2 42. Bxb2 Rxb2 0-1

[Event "*** Titled Tuesday Blitz"]
[Site "Chess.com"]
[Date "2018.11.06"]
[Round "2"]
[White "Iyael"]
[Black "tomozupan"]
[Result "0-1"]
[WhiteElo "2012"]
[BlackElo "2167"]
[TimeControl "180+2"]
[EndTime "13:21:38 PST"]
[Termination "tomozupan won by resignation"]

1. e4 e5 2. Nf3 Nc6 3. Bc4 Bc5 4. b4 Bxb4 5. c3 Ba5 6. d4 exd4 7. O-O d6 8. cxd4 Bg4 9. Be3 Bb6 10. Be2 Qf6 11.
d5 Qxa1 12. dxc6 Ne7 13. cxb7 Rb8 14. Qa4+ Bd7 15. Qa3 Qf6 16. e5 dxe5 17. Bxb6 axb6 18. Qc3 O-O 19. Qxe5 Qxe5 20. Nxe5 Be6 21. Bf3 Rfd8 22.
Nc3 f6 23. Nc6 Nxc6 24. Bxc6 Rd6 25. Bf3 c6 26. Ne4 Rd4 27. Nc3 Bd5 28. Nxd5 cxd5 29. Rc1 Rxb7 30. h3 Kf7 31. Rc6 b5 32. Rd6 Ke7 33. Rc6 b4 34. Bg4 Rd2 35. Re6+ Kf7 36. Ra6 g6 37. Be6+ Ke7 38. g4 Rc7 39. Bg8 Rc1+ 40.
Kg2 Rcc2 41. Ra7+ Kd6 42. Bxh7 Rxf2+ 43. Kg3 g5 44. Ra6+ Ke5 45. Bxc2 Rxc2 46. Rb6 Rb2 47. Rb5 Ke4 48. Rb6 d4 49. Rxf6 Rxa2 50. Rb6 Rb2 51.
Rb5 d3 52. Rb8 d2 53. Rd8 Ke3 54. Re8+ Kd3 55. Rd8+ Ke2 56. Re8+ Kd1 57. Kf2 Kc1 0-1

[Event "*** Titled Tuesday Blitz"]
[Site "Chess.com"]
[Date "2018.11.06"]
[Round "2"]
[White "Gareth-Bale11"]
[Black "OparinGrigoriy"]
[Result "0-1"]
[WhiteElo "2603"]
[BlackElo "2926"]
[TimeControl "180+2"]
[EndTime "13:21:40 PST"]
[Termination "OparinGrigoriy won by resignation"]

1. d4 Nf6 2. Nf3 e6 3. c4 b6 4. a3 Bb7 5. Nc3 d5 6. Bg5 Be7 7. e3 O-O 8. Rc1 h6 9. Bxf6 Bxf6 10. cxd5 exd5 11. b4 c6 12. Bd3 a5 13. O-O axb4 14.
axb4 b5 15. e4 Nd7 16. exd5 Nb6 17. dxc6 Bxc6 18. Nxb5 Qd7 19. Nc3 Rac8 20. Ne5 Bxe5 21. dxe5 Qe7 22. b5 Bb7 23. Qe2 Rfd8 24. Qe3 Rxc3 25. Rxc3 Nd5 26. Qc5 Qg5 27. Be4 Nxc3 28. Bxb7 Ne2+ 29. Kh1 Nf4 30. Be4 Ne6 31. Qc3 Qf4 32.
Re1 Qxf2 33. h3 Ng5 34. Bc6 Nxh3 35. Qe3 Rd1 36. Qxf2 Nxf2+ 37. Kg1 Rxe1+ 38. Kxf2 Rxe5 39. b6 Rc5 40. b7 Rc2+ 41. Ke3 Rb2 42. Kd4 Rd2+ 43.
Kc5 Rd8 44. Kb6 Kf8 45. Bd7 Rb8 46. Kc7 Rxb7+ 47. Kxb7 Ke7 48. Kc6 g6 49. Bg4 f5 50.
Be2 Ke6 51. Kc7 h5 52. Kc6 h4 53. Bc4+ Ke5 54. Kd7 g5 55. Ba6 g4 56. Bb7 f4 57.
Ke7 f3 58. gxf3 g3 59. f4+ Kxf4 60. Bg2 Kg4 0-1

[Event "*** Titled Tuesday Blitz"]
[Site "Chess.com"]
[Date "2018.11.06"]
[Round "2"]
[White "sergeikim"]
[Black "dhanushbharadwaj"]
[Result "0-1"]
[WhiteElo "2484"]
[BlackElo "2482"]
[TimeControl "180+2"]
[EndTime "13:21:43 PST"]
[Termination "dhanushbharadwaj won by resignation"]

1. d4 Nf6 2. c4 g6 3. Nc3 Bg7 4. e4 d6 5. Nge2 O-O 6. Ng3 c5 7. d5 a6 8. a4 e6 9. Be2 exd5 10. cxd5 Nbd7 11. O-O Re8 12. Bf4 Ne5 13. Qd2 Rb8 14. h3 Bd7 15. Bh6 b5 16. Bxg7 Kxg7 17. axb5 axb5 18.
Ra7 Qb6 19. Rfa1 b4 20. Nd1 Bb5 21. Bxb5 Qxb5 22. Qg5 Ned7 23. Nf5+ Kh8 24. Nxd6 Qe2 25. Ne3 Kg8 26. Nxe8 Rxe8 27. Ra8 Qxb2 28. Nc4 Qc3 29. Nd6 Rf8 30. Rxf8+ Nxf8 31. Ra8 b3 32. Qh6 Nd7 33.
Nf5 gxf5 34. Qg5+ Qg7 35. Qc1 b2 36. Qc2 Qd4 37. exf5 c4 38. Ra7 c3 39. Rb7 Qd2 40.
Qe4 c2 41. Qg4+ Kh8 42. f6 c1=Q+ 43. Kh2 Qf4+ 44. Qxf4 Qxf4+ 45. g3 Qxf2+ 46. Kh1 Qe1+ 0-1

[Event "*** Titled Tuesday Blitz"]
[Site "Chess.com"]
[Date "2018.11.06"]
[Round "2"]
[White "ddtru"]
[Black "SimonKnightRivendell"]
[Result "1-0"]
[WhiteElo "2305"]
[BlackElo "1955"]
[TimeControl "180+2"]
[EndTime "13:21:43 PST"]
[Termination "ddtru won by resignation"]

1. d4 d5 2. Nf3 Nf6 3. c4 g6 4. cxd5 Nxd5 5. e4 Nb6 6. Nc3 Bg7 7.
Be2 O-O 8. Be3 Nc6 9. h3 e6 10.
O-O Ne7 11. Qd2 c6 12. Rad1 f5 13. Bh6 fxe4 14. Nxe4 Nf5 15. Bxg7 Kxg7 16. Ne5 Nd5 17. Bc4 Qh4 18. Ng5 Qf4 19. g3 Qxd2 20. Rxd2 Nd6 21. Bb3 h6 22. Ngf3 Ne4 23. Re2 Nef6 24. Nh4 g5 25.
Ng2 Nd7 26. Rfe1 Nxe5 27. Rxe5 Bd7 28. h4 gxh4 29. Nxh4 Rf7 30. R1e4 Raf8 31. Rg4+ Kh7 32. Bc2+ Kh8 33. Ng6+ Kg7 34. Nxf8+ Kxf8 35. Rg6 Rf6 36. Rxf6+ Nxf6 37. Bb3 Ke7 38. f4 Ng4 39. Re1 Kf6 40.
Kg2 b6 41. Kf3 Nh2+ 42. Kg2 Ng4 43. Bd1 Kf5 44. Bxg4+ Kxg4 45. Re5 c5 46. dxc5 Bc6+ 47.
Kf2 bxc5 48. Rxe6 Bd5 49. Rxh6 Bxa2 50. Ra6 Bd5 51. Rxa7 c4 52. Rc7 Kf5 53. Rc5 Ke4 54.
Rxd5 Kxd5 55. Ke3 1-0

[Event "*** Titled Tuesday Blitz"]
[Site "Chess.com"]
[Date "2018.11.06"]
[Round "2"]
[White "PelinGorki"]
[Black "Annawel"]
[Result "1/2-1/2"]
[WhiteElo "2614"]
[BlackElo "2898"]
[TimeControl "180+2"]
[EndTime "13:21:48 PST"]
[Termination "Game drawn by repetition"]

1. e4 d6 2. Nc3 Nf6 3. d4 g6 4. Be3 c6 5. Qd2 Nbd7 6. O-O-O e5 7. h3 b5 8. a3 Qc7 9. g4 a5 10. g5 Nh5 11. Be2 b4 12. Nb1 Bg7 13. Bxh5 gxh5 14. Nf3 Rb8 15. Nh4 Nb6 16. b3 bxa3 17. Nxa3 a4 18.
dxe5 dxe5 19. Bc5 Bf8 20. Bxf8 Rxf8 21. Qd6 Qxd6 22. Rxd6 axb3 23. cxb3 Be6 24. Rxc6 Kd7 25. Rc3 Rfc8 26. Rd1+ Ke8 27. Rd3 Nd7 28. Nc4 Kf8 29. Nd6 Rxc3+ 30. Rxc3 Bxb3 31. Nhf5 Be6 32. h4 Ra8 33. Kd2 Nb6 34. f3 Rd8 35. Ke2 Kg8 36. Nh6+ Kf8 37. Nhf5 Ra8 38. Ng3 Ra2+ 39. Kd3 Na4 40. Rc2 Ra3+ 41. Ke2 Ke7 42. Ndf5+ Kd8 43. Nxh5 Nc3+ 44. Kf2 Nd1+ 45. Kg2 Bxf5 46. Rd2+ Ke7 47. Rxd1 Be6 48. Ng3 Ra2+ 49. Kh1 Ra3 50. Kg2 Ra2+ 51. Kh1 Ra3 52. Kg2 Ra2+ 1/2-1/2

[Event "*** Titled Tuesday Blitz"]
[Site "Chess.com"]
[Date "2018.11.06"]
[Round "2"]
[White "iturrizaga"]
[Black "VerdeNotte"]
[Result "1/2-1/2"]
[WhiteElo "2647"]
[BlackElo "2826"]
[TimeControl "180+2"]
[EndTime "13:21:53 PST"]
[Termination "Game drawn by agreement"]

1. Nf3 Nf6 2. c4 c5 3. Nc3 g6 4. d4 cxd4 5. Nxd4 Nc6 6. g3 Bg7 7. Bg2 O-O 8. O-O Qa5 9. e3 Qh5 10. h3 Nxd4 11. exd4 d6 12. Qxh5 Nxh5 13. Be3 Be6 14.
b3 Rab8 15. Nb5 a6 16. Nc7 Bd7 17. Rfe1 Nf6 18. Bg5 Rfc8 19. Bxf6 Bxf6 20. Nd5 Kg7 21. Nxf6 Kxf6 22. a4 Rc7 23. a5 b6 24. axb6 Rxb6 25. Re3 Bc6 26. c5 dxc5 27. dxc5 Rb5 28. Rxa6 Rxc5 29.
Bxc6 R7xc6 30. Rxc6+ Rxc6 31. Kg2 Rc2 32. h4 e5 33. Kf3 Rb2 34. Rc3 h5 35. Rc6+ Kf5 36. Rb6 f6 37. Ke3 g5 38. hxg5 fxg5 39. Rb8 Kg4 40. Rb4+ Kh3 41. Rb5 Kg2 42. Rxe5 Rxb3+ 43. Ke2 Rb2+ 44. Ke3 h4 45. gxh4 gxh4 46. Rg5+ Kf1 47.
f4 h3 48. Rh5 h2 49. f5 Kg2 50. Kf4 Rb3 51. Rxh2+ Kxh2 52. f6 Rb8 53. Kf5 Kg3 54. f7 Kh4 55. Kg6 Kg4 56. Kg7 Kg5 57. f8=Q Rxf8 1/2-1/2

[Event "*** Titled Tuesday Blitz"]
[Site "Chess.com"]
[Date "2018.11.06"]
[Round "2"]
[White "ZeroRealtorFade"]
[Black "AndrewMcStone"]
[Result "0-1"]
[WhiteElo "2214"]
[BlackElo "2136"]
[TimeControl "180+2"]
[EndTime "13:21:53 PST"]
[Termination "AndrewMcStone won by resignation"]

1. d4 Nf6 2. Bf4 g6 3. e3 Bg7 4. c3 O-O 5. Nd2 d6 6. h3 c5 7. Ngf3 Be6 8. Bd3 Qb6 9. Qc2 cxd4 10. Nxd4 Bd7 11. Bh2 e5 12. Ne2 Nc6 13. Nc4 Qc7 14. e4 d5 15. exd5 Nxd5 16. O-O Rad8 17. Rfe1 Be6 18.
Rad1 b5 19. Nd2 b4 20. Nf3 bxc3 21. bxc3 Nf4 22. Nxf4 exf4 23. Ng5 Bd5 24. Qc1 Rfe8 25. Bxf4 Qb7 26. Rxe8+ Rxe8 27. Re1 Rd8 28. Be4 Bxe4 29. Nxe4 Na5 30. Nd6 Qc6 31. Qa3 Nc4 32. Nxc4 Qxc4 33. Qe7 Rf8 34. g3 Qxc3 35. Be5 Qxe1+ 36. Kg2 Qxe5 37. Qa3 Qd5+ 38. Kh2 a5 39. Qe3 Rd8 40. h4 Qd4 41. Qg5 Qxf2+ 42. Kh3 Qf5+ 43. Qxf5 gxf5 0-1

[Event "*** Titled Tuesday Blitz"]
[Site "Chess.com"]
[Date "2018.11.06"]
[Round "2"]
[White "florianschwabeneder"]
[Black "Keaton87"]
[Result "1-0"]
[WhiteElo "2490"]
[BlackElo "2466"]
[TimeControl "180+2"]
[EndTime "13:21:54 PST"]
[Termination "florianschwabeneder won by checkmate"]

1. e4 c5 2. Nf3 e6 3. b3 d5 4.
exd5 exd5 5. Bb5+ Bd7 6. Bxd7+ Nxd7 7. O-O Ngf6 8. Re1+ Be7 9. Qe2 Kf8 10. d4 b6 11.
Bb2 Bd6 12. Nbd2 Qc7 13. c4 h6 14. dxc5 Nxc5 15. Bxf6 gxf6 16. cxd5 Kg7 17. Qc4 h5 18.
Rac1 Rac8 19. g3 Nd7 20. Qf1 Qb8 21. Nd4 Ne5 22. Nf5+ Kg6 23. Nh4+ Kg7 24. f4 Ng4 25. Nf5+ Kh7 26. Qd3 Bc5+ 27. Kg2 Nf2 28. Qb1 Ng4 29.
Ne7+ Kg7 30. Nxc8 Rxc8 31. Ne4 Qb7 32. Qd3 Rd8 33. Rcd1 Bb4 34. Re2 Bc5 35. h3 Nh6 36.
Kh2 Ng8 37. Nxc5 bxc5 38. Qf5 Qa6 39. Rdd2 c4 40. bxc4 Qxc4 41. Qxh5 Qc3 42. Qg4+ Kf8 43. d6 Nh6 44. Qh5 Kg7 45. Qd5 Rd7 46. Re7 Rd8 47. d7 Nf5 48. Qxf7+ Kh6 49. Qh7# 1-0

[Event "*** Titled Tuesday Blitz"]
[Site "Chess.com"]
[Date "2018.11.06"]
[Round "2"]
[White "RichardLeyvaP"]
[Black "santosalberto1987"]
[Result "1-0"]
[WhiteElo "2456"]
[BlackElo "2394"]
[TimeControl "180+2"]
[EndTime "13:21:54 PST"]
[Termination "RichardLeyvaP won by resignation"]

1. e4 e6 2. d4 d5 3. Nc3 Nf6 4. Bg5 Bb4 5. e5 h6 6. Bd2 Bxc3 7. bxc3 Ne4 8. Qg4 Kf8 9. Bd3 Nxd2 10. Kxd2 c5 11. h4 Nc6 12. Nf3 c4 13. Be2 Bd7 14.
a4 a6 15. Rhb1 Rb8 16. h5 b5 17. axb5 axb5 18. Qf4 Qe7 19. Ke1 b4 20. cxb4 Rxb4 21. Ra8+ Be8 22. Rba1 Qb7 23. Qc1 Ke7 24. Qa3 Kd7 25.
c3 Rb1+ 26. Bd1 Nb8 27. Ra7 Kc8 28. Rxb7 Rxb7 29. Qc5+ Rc7 30. Qb4 Rb7 31. Qa3 Bc6 32. g4 Rd8 33. Kf1 Rb6 34. Kg2 Rb7 35. Qc1 Nd7 36. g5 Rh8 37. Qf4 Nb8 38. Ba4 Bxa4 39. Rxa4 Kd8 40. Ra8 Kc8 41. g6 fxg6 42. hxg6 Re7 43.
Nd2 Rd7 44. Nf1 Re7 45. Ng3 Kb7 46. Ra1 Nc6 47. Qc1 Nb8 48. Qb2+ Kc8 49. Ra8 Rb7 50.
Qa3 Rd8 51. Nh5 Rdd7 52. Nxg7 Rxg7 53. Qf8+ Kc7 54. Qxg7+ Kb6 55. Qxb7+ Kxb7 56. Rxb8+ 1-0

[Event "*** Titled Tuesday Blitz"]
[Site "Chess.com"]
[Date "2018.11.06"]
[Round "2"]
[White "Korchmar_Vasiliy"]
[Black "Alex_Banzea"]
[Result "1-0"]
[WhiteElo "2696"]
[BlackElo "2305"]
[TimeControl "180+2"]
[EndTime "13:21:55 PST"]
[Termination "Korchmar_Vasiliy won by resignation"]

1. d4 Nf6 2. Nf3 e6 3. Bf4 d5 4. e3 c5 5. Nbd2 Nc6 6. c3 cxd4 7. exd4 Nh5 8. Bg3 Be7 9. Bd3 O-O 10. O-O Nxg3 11. hxg3 f6 12. Re1 Bd6 13. c4 Ne7 14.
Qc2 g6 15. c5 Bc7 16. b4 Kg7 17. Re2 Nc6 18. Qb2 e5 19. b5 Nxd4 20. Nxd4 exd4 21.
Rae1 Bg4 22. f3 Bd7 23. Kf2 Qb8 24. f4 Bg4 25. Re7+ Rf7 26. Qxd4 Qd8 27. Rxf7+ Kxf7 28. Nf1 b6 29. c6 Be6 30. Ne3 Bd6 31. Kf1 Bc5 32.
Qb2 d4 33. Nc4 Qd5 34. Nd2 Qxa2 35. Qc1 Ba3 36. Qd1 Bb4 37. Rxe6 Qxd2 38. Qxd2 Bxd2 39. Bc4 Kg7 40. Re7+ Kh6 41. Be6 Bb4 42. Rd7 d3 43. Rxd3 Re8 44. c7 Rxe6 45. c8=Q Re1+ 46. Kf2 Ra1 47.
Qh3+ Kg7 48. Rd7+ Kf8 1-0

[Event "*** Titled Tuesday Blitz"]
[Site "Chess.com"]
[Date "2018.11.06"]
[Round "2"]
[White "Andreikka"]
[Black "EphiphanyLord"]
[Result "1-0"]
[WhiteElo "2883"]
[BlackElo "2583"]
[TimeControl "180+2"]
[EndTime "13:21:59 PST"]
[Termination "Andreikka won by resignation"]

1. d4 Nf6 2. Nf3 g6 3. Bf4 Bg7 4. e3 O-O 5. h3 d6 6. Be2 c5 7. c3 Nc6 8. O-O cxd4 9. exd4 Nd5 10. Bh2 e5 11. dxe5 dxe5 12. Nbd2 f5 13. Nc4 e4 14. Nfd2 Be6 15. Bd6 Rf7 16. Ba3 Qh4 17. Nb3 Nf4 18.
Nc5 Rd8 19. Qe1 Qg5 20. g3 Nxh3+ 21. Kh2 Bc8 22. f4 exf3 23. Bxf3 f4 24. Ne4 fxg3+ 25. Qxg3 Qxg3+ 26. Kxg3 Ne5 27. Ncd6 Rxf3+ 28. Rxf3 Nxf3 29.
Kxf3 Be6 30. Rh1 h6 31. Bc5 b6 32. Bd4 Bxd4 33. cxd4 g5 34. Kg3 Kg7 35. Rxh3 Bxh3 36.
Kxh3 Kg6 37. Kg3 h5 38. d5 h4+ 39. Kg4 Rd7 40. a4 a6 41. b4 Rd8 42. a5 b5 43. Kh3 Kh5 44. Nf6+ Kg6 45. Nde4 Kf5 46. d6 g4+ 47. Kxh4 Rh8+ 48. Kg3 Rh3+ 49. Kg2 Ke6 50. d7 Rd3 51. Nc5+ Kxf6 52. Nxd3 1-0

[Event "*** Titled Tuesday Blitz"]
[Site "Chess.com"]
[Date "2018.11.06"]
[Round "2"]
[White "DanielNaroditsky"]
[Black "Barcelona_Guy"]
[Result "1-0"]
[WhiteElo "2977"]
[BlackElo "2472"]
[TimeControl "180+2"]
[EndTime "13:21:59 PST"]
[Termination "DanielNaroditsky won by resignation"]

1. d4 Nf6 2. c4 e6 3. Nc3 Bb4 4. f3 c5 5. d5 b5 6. e4 d6 7.
Ne2 bxc4 8. Ng3 exd5 9. exd5 O-O 10. Bxc4 Re8+ 11. Kf2 Nbd7 12. Nce4 Nxe4+ 13. Nxe4 Ne5 14. Be2 c4 15. Be3 f5 16. Nc3 Qh4+ 17. g3 Qf6 18. Re1 Bd7 19. Kg1 Re7 20. f4 Nd3 21. Bxd3 Rxe3 22. Rxe3 Bc5 23. Qd2 Re8 24. Re1 Qd4 25. Kg2 Rxe3 26. Qxe3 Qxe3 27. Rxe3 Bxe3 28. Bxc4 Bd4 29.
Kf3 Kf7 30. Ke2 h6 31. Kd3 Bf6 32. b4 g5 33. Ne2 Kg6 34. Ke3 Kh5 35. Kf3 Ba4 36.
Bd3 Kg6 37. g4 Bd1 38. Bxf5+ Kf7 39. Bd3 gxf4 40. Kxf4 Be5+ 41. Kf5 Bxh2 42. Nc3 Bf3 43. Be4 Bxe4+ 44. Nxe4 Ke7 45. a4 Bg1 46. Kg6 Be3 47.
Ng3 Kd7 48. Nf5 Bd2 49. b5 Kc7 50. Nxh6 Kb6 51. Nf5 Kc5 52. Ne7 Kb4 53. Nc8 Kxa4 54. Nxa7 Be3 55. Nc8 Kxb5 56. Nxd6+ Kc5 57. Nf5 Bf4 58.
d6 Kc6 59. Kf6 Kd7 60. g5 Bd2 61. g6 Bc3+ 62. Kf7 1-0

[Event "*** Titled Tuesday Blitz"]
[Site "Chess.com"]
[Date "2018.11.06"]
[Round "2"]
[White "gemarin"]
[Black "Shivagami"]
[Result "1-0"]
[WhiteElo "2076"]
[BlackElo "2015"]
[TimeControl "180+2"]
[EndTime "13:22:00 PST"]
[Termination "gemarin won by resignation"]

1. d4 d5 2. c4 c6 3. Nc3 Nf6 4. e3 a6 5. cxd5 cxd5 6. Nf3 Nc6 7. h3 Bf5 8. Qb3 Rb8 9. Be2 e6 10. O-O Bd6 11. a3 O-O 12. Nh4 Be4 13. f3 Bg3 14.
fxe4 Bxh4 15. e5 Nd7 16. Qd1 f5 17. exf6 Nxf6 18. Bd2 Bg3 19. Bd3 Bc7 20. Be1 Qd6 21. g3 e5 22. Be2 Qe6 23. Kg2 exd4 24. exd4 Rbe8 25. Bf3 Ne4 26. Qd3 Qg6 27. Nxd5 Bd6 28. Nc3 Ng5 29. Qxg6 hxg6 30. Bd5+ Kh8 31. h4 Nh7 32.
Rxf8+ Rxf8 33. Bf2 Nf6 34. Bf3 Re8 35. Rd1 Rd8 36.
Ne4 Bc7 37. Nxf6 gxf6 38. Be4 Kg7 39. b4 f5 40. Bf3 Kf7 41. Bxc6 bxc6 42. Rc1 Rd6 43.
Kf3 Ke6 44. g4 Kd5 45. Rc5+ Ke6 46. gxf5+ gxf5 47. Bg3 Rd7 48. Rxc6+ Bd6 49. Rxd6+ 1-0

[Event "*** Titled Tuesday Blitz"]
[Site "Chess.com"]
[Date "2018.11.06"]
[Round "2"]
[White "MishkaFighter"]
[Black "Grieve72"]
[Result "1/2-1/2"]
[WhiteElo "2325"]
[BlackElo "2294"]
[TimeControl "180+2"]
[EndTime "13:22:04 PST"]
[Termination "Game drawn by repetition"]

1. d4 d5 2. c4 e6 3. Nf3 c6 4.
e3 Bd6 5. b3 Qe7 6. Bb2 f5 7. Bd3 Nf6 8. a4 b6 9. O-O O-O 10. Ba3 c5 11. Nc3 Nc6 12. Nb5 Bb8 13. dxc5 bxc5 14. Rc1 Nb4 15. Bb1 a6 16. Nc3 Bb7 17. Qe2 Rd8 18. Rfd1 Bd6 19. cxd5 Nfxd5 20. Nxd5 Bxd5 21. Bxb4 cxb4 22. Nd4 Be5 23. e4 fxe4 24.
Bxe4 Qh4 25. Nf3 Bxh2+ 26. Nxh2 Qxe4 27. Qxe4 Bxe4 28. Re1 Bd5 29. Re3 Rac8 30. Rd1 Rc3 31. Ng4 Rdc8 32. Rdd3 Bxb3 33. Ne5 Bc2 34. Rd7 Rxe3 35.
fxe3 b3 36. Rb7 g6 37. Nd7 Rd8 38. Nf6+ Kf8 39. Nxh7+ Kg8 40. Nf6+ Kf8 41. Nh7+ Kg8 42. Nf6+ Kf8 43. Nh7+ Kg8 44. Nf6+ Kf8 45. Nh7+ Kg8 1/2-1/2

[Event "*** Titled Tuesday Blitz"]
[Site "Chess.com"]
[Date "2018.11.06"]
[Round "2"]
[White "OK97"]
[Black "tioloko"]
[Result "1/2-1/2"]
[WhiteElo "2736"]
[BlackElo "2533"]
[TimeControl "180+2"]
[EndTime "13:22:05 PST"]
[Termination "Game drawn by repetition"]

1. Nf3 Nf6 2. c4 g6 3. Nc3 Bg7 4. g3 O-O 5. Bg2 d6 6. d4 Nbd7 7. O-O Re8 8. e4 e5 9. h3 exd4 10. Nxd4 a6 11. a4 Ne5 12. b3 Bd7 13. Be3 Nc6 14.
Re1 h6 15. Qd2 Kh7 16. Rad1 a5 17. Kh2 Nxd4 18. Bxd4 Bc6 19. Qc2 Nd7 20. Be3 Re7 21. Nd5 Bxd5 22. cxd5 b6 23. h4 h5 24. f3 Bf6 25.
Bf1 Ne5 26. Kg2 Qd7 27. Bb5 Qc8 28. Rc1 Rb8 29. Qf2 Qd8 30. Rc2 Nd7 31. Bxd7 Rxd7 32. Qe2 Kg8 33. Rec1 Rb7 34. Rc6 Qb8 35. Qb5 Bb2 36.
R1c2 Ba3 37. R6c4 Re7 38. Bg5 Re8 39. Rxc7 Rxc7 40. Rxc7 Qxc7 41. Qxe8+ Kg7 42. Be7 Bb2 43. Qf8+ Kh7 44. Qxf7+ Bg7 45. g4 Qc2+ 46. Kg3 Qd1 47. gxh5 Qg1+ 48. Kf4 Qc1+ 49. Kg4 Qg1+ 50. Kf4 Qc1+ 51.
Kg3 Qg1+ 52. Kh3 Qh1+ 53. Kg3 Qg1+ 54. Kf4 Qc1+ 1/2-1/2

[Event "*** Titled Tuesday Blitz"]
[Site "Chess.com"]
[Date "2018.11.06"]
[Round "2"]
[White "NMJeevanK"]
[Black "evgenysharapov"]
[Result "0-1"]
[WhiteElo "2431"]
[BlackElo "2411"]
[TimeControl "180+2"]
[EndTime "13:22:05 PST"]
[Termination "evgenysharapov won by resignation"]

1. e4 d5 2. exd5 Qxd5 3. Nc3 Qa5 4. d4 Nf6 5. Nf3 c6 6. Be2 Bg4 7. O-O e6 8. h3 Bh5 9. Bf4 Be7 10. Ne5 Bxe2 11.
Qxe2 O-O 12. Rad1 Nbd7 13. Rd3 Nxe5 14. dxe5 Nd5 15. Nxd5 cxd5 16. Rg3 Rfc8 17. c3 Rc4 18. Bh6 g6 19. b3 Re4 20. Re3 Rxe3 21. Qxe3 Rc8 22.
Rc1 Qxa2 23. b4 Qa6 24. Bg5 Bf8 25. h4 b6 26. h5 Qc4 27. hxg6 hxg6 28. g3 d4 29. Qf3 dxc3 30. Bf6 c2 31. Qa3 Qxb4 32. Qxa7 Qa3 33. Rxc2 Qxa7 34. Rxc8 Qb7 35. Rd8 b5 36.
Bg5 b4 37. Bh6 Qe7 38. Rb8 b3 39. Bxf8 Qxf8 40. Rxb3 Kg7 41. Re3 Qc5 42. Kg2 g5 43.
Kf3 Kg6 44. Kg4 Qc4+ 45. Kf3 Kf5 46. Kg2 g4 47. Re1 Qd4 48. Re3 Qxe3 49. fxe3 Kxe5 50. Kf2 Ke4 51. Ke2 f5 52. Kf2 Kd3 53. e4 fxe4 54.
Kf1 Kd2 55. Kf2 e3+ 56. Kg2 e2 57. Kh2 e1=Q 58. Kg2 0-1

[Event "*** Titled Tuesday Blitz"]
[Site "Chess.com"]
[Date "2018.11.06"]
[Round "2"]
[White "andrzej"]
[Black "m3alam"]
[Result "1-0"]
[WhiteElo "2238"]
[BlackElo "2127"]
[TimeControl "180+2"]
[EndTime "13:22:07 PST"]
[Termination "andrzej won by resignation"]

1. d4 Nf6 2. c4 g6 3. Nf3 Bg7 4. g3 O-O 5. Bg2 d5 6. O-O dxc4 7. Na3 c5 8. Nxc4 cxd4 9. Nxd4 a6 10. Bg5 Ne4 11. Bxe4 Bxd4 12. Bh6 Bg7 13. Bxg7 Kxg7 14. Qb3 Nc6 15. Nb6 Rb8 16. Rfd1 Qc7 17. Qc3+ Qe5 18.
Rac1 Kg8 19. Bxc6 Qxc3 20. Rxc3 bxc6 21. Rxc6 Be6 22. b3 Rb7 23. Na4 Bd7 24. Rxa6 Rc8 25. Nb6 Bb5 26. Ra8 Rxa8 27. Nxa8 Ra7 28. Rd8+ Kg7 29. a4 Bxe2 30. Nb6 Bf3 31. Kf1 Rc7 32. Rc8 Rb7 33. a5 Bd1 34. b4 e5 35. Ke1 Bf3 36. Kd2 h5 37. Rd8 Bc6 38. Rd6 Bb5 39. Nd5 e4 40. Nc3 Bd3 41. Rd4 f5 42. f3 Kf6 43.
fxe4 fxe4 44. Nxe4+ Bxe4 45. Rxe4 Kf5 46. Rc4 Rd7+ 47.
Kc3 Rd1 48. a6 Rh1 49. a7 Rxh2 50. a8=Q 1-0

[Event "*** Titled Tuesday Blitz"]
[Site "Chess.com"]
[Date "2018.11.06"]
[Round "2"]
[White "brother-bear"]
[Black "savinspm"]
[Result "1-0"]
[WhiteElo "2033"]
[BlackElo "2077"]
[TimeControl "180+2"]
[EndTime "13:22:13 PST"]
[Termination "brother-bear won on time"]

1. e4 e5 2. Nc3 Nc6 3. g3 Bc5 4. Bg2 d6 5. Na4 Bb6 6. Nxb6 axb6 7. Ne2 Nge7 8. O-O f6 9. d4 exd4 10. Nxd4 Nxd4 11. Qxd4 Be6 12. c4 Qd7 13. Re1 O-O 14. b3 Bh3 15. Bh1 Be6 16. Bb2 Ra5 17. f4 Rfa8 18.
a4 Bf7 19. Rad1 Qc8 20. Qc3 Nc6 21. Rd2 Qe6 22. Rd5 Qd7 23. Rxa5 bxa5 24. Bg2 Re8 25. h3 b6 26. Kh2 Nb4 27. g4 Bg6 28. Ba3 c5 29.
Bb2 Nc6 30. Bf3 Bf7 31. g5 Nd8 32. gxf6 g6 33. Bg4 Qc6 34. f5 gxf5 35. Bxf5 Kh8 36.
Rg1 Ne6 37. Qf3 Qc7 38. Qe3 d5+ 39. Kh1 Qf4 40. Qxf4 Nxf4 41. cxd5 Nd3 42. Bc3 Nf2+ 43. Kg2 Nxe4 44. Bxe4 Rxe4 45. Kf2 Re8 46. Rg7 Bxd5 47. f7 1-0

[Event "*** Titled Tuesday Blitz"]
[Site "Chess.com"]
[Date "2018.11.06"]
[Round "2"]
[White "VladimirBelous"]
[Black "Vrolijk"]
[Result "1-0"]
[WhiteElo "2729"]
[BlackElo "2645"]
[TimeControl "180+2"]
[EndTime "13:22:17 PST"]
[Termination "VladimirBelous won by resignation"]

1. c4 e6 2. Nf3 Nf6 3. g3 b6 4. Bg2 Bb7 5. O-O Be7 6. d3 O-O 7.
e4 c5 8. Nc3 d6 9. Re1 Nbd7 10. h3 a6 11. Be3 Qc7 12. Rc1 Ne5 13. Qe2 Rac8 14. a3 Nc6 15. d4 cxd4 16. Nxd4 Na5 17.
Na4 Bxe4 18. Bxe4 Nxe4 19. b4 Nxc4 20. Nxe6 fxe6 21. Bxb6 Qd7 22. Rxc4 d5 23. Rxc8 Rxc8 24. Qxa6 Rf8 25. Nc5 Bxc5 26. Bxc5 Re8 27. Be3 d4 28.
Qd3 Nf6 29. Qxd4 Nd5 30. Rc1 Qa4 31. Qa7 Qxa7 32. Bxa7 Ra8 33. Bd4 Rxa3 34. b5 Rb3 35.
Rc8+ Kf7 36. b6 Rb4 37. Bc5 Rb5 38. Bd4 Rb4 39. Kg2 e5 40. Bc5 Rb5 41. Rc6 e4 42. Bd4 Rb4 43. Rc8 Nxb6 44. Rc7+ Ke6 45. Bxb6 Rxb6 46.
Rxg7 Rb2 47. Rg8 Kf7 48. Rg4 e3 49. Rf4+ Kg6 50. h4 exf2 51. Rxf2 Rb1 52. Kh3 h5 53. Rd2 Rb6 54. Rd5 Rc6 55. Kg2 Kh6 56. Kf3 Rc3+ 57.
Kf4 Rc4+ 58. Kf5 Rg4 59. Rd6+ Kh7 60. Rd7+ Kh6 61. Rd3 Kh7 62. Re3 Kh6 63. Kf6 Kh7 64. Re5 Rxg3 65. Rxh5+ Kg8 66. Rg5+ 1-0